 Dungeon Crawl Stone Soup version 0.28-a0-804-g60983d4ba9 (webtiles) character file.

Game seed: 7745951204472519841

90 croobank the Insei (level 4, 0/28 HPs)
             Began as an Octopode Transmuter on Nov 7, 2021.
             Slain by Ijyb (3 damage)
             ... while paralysed by Ijyb
             ... on level 3 of the Dungeon on Nov 8, 2021.
             The game lasted 00:13:09 (3584 turns).

croobank the Insei (Octopode Transmuter)            Turns: 3584, Time: 00:13:10

Health: 0/28       AC:  1    Str: 15    XL:     4   Next: 56%
Magic:  6/7        EV:  2    Int: 16    God:
Gold:   73         SH:  0    Dex: 12    Spells: 4/7 levels left

rFire   . . .      SeeInvis .   f - +0 trident
rCold   . . .      Faith    .   a - +1 kite shield {reflect}
rNeg    . . .      Spirit   .   (helmet restricted)
rPois   .          Reflect  +   (no amulet)
rElec   .          Harm     .   i - +6 ring of strength
rCorr   .          Rampage  .   (no ring)
Will    .....                   (no ring)
Stlth   +++.......              (no ring)
HPRegen 0.09/turn               (no ring)
MPRegen 0.10/turn               (no ring)
                                (no ring)
                                (no ring)

@: paralysed
A: almost no armour, amphibious, 8 rings, camouflage 1, gelatinous body 1,
(nimble swimmer 1), tentacles
a: no special abilities


You were on level 3 of the Dungeon.
You visited 1 branch of the dungeon, and saw 3 of its levels.

You collected 73 gold pieces.

Inventory:

Hand Weapons
 b - a +1 dagger of flaming
 f - a +0 trident (weapon)
 g - a +0 spear
 n - a +0 hand axe
 o - a +0 short sword
Missiles
 c - 44 stones
 d - 3 curare-tipped darts (quivered)
 e - 12 arrows
Armour
 a - a +1 kite shield of reflection (worn)
Jewellery
 i - a +6 ring of strength (left tentacle)
Scrolls
 k - a scroll of blinking {unknown}
 m - a scroll of torment {unknown}
 p - a scroll of amnesia {unknown}
Potions
 h - a potion of attraction
 j - 2 potions of heal wounds
 l - a potion of lignification {unknown}


   Skills:
 + Level 1.1 Fighting
 + Level 0.3 Short Blades
 + Level 0.4 Polearms
 + Level 2.5 Dodging
 + Level 2.4 Stealth
 + Level 0.9 Shields
 + Level 3.5 Unarmed Combat
 + Level 2.1 Spellcasting
 + Level 2.7 Transmutations


You had 4 spell levels left.
You knew the following spells:

 Your Spells              Type           Power      Damage    Failure   Level
a - Beastly Appendage     Tmut           20%        N/A       38%         1
b - Wereblood             Tmut           10%        N/A       52%         2

Your spell library contained the following spells:

 Spells                   Type           Power      Damage    Failure   Level
 Animate Skeleton         Necr           2%         N/A       77%         1
 Apportation              Tloc           2%         N/A       77%         1
 Summon Small Mammal      Summ           4%         N/A       77%         1
 Spider Form              Tmut/Pois      6%         N/A       91%         3
 Ice Form                 Ice/Tmut       6%         N/A       100%        4


Dungeon Overview and Level Annotations

Branches:
Dungeon (3/15)

Altars:

Annotations:
D:3 Ijyb


Innate Abilities, Weirdness & Mutations

You cannot wear most types of armour.
You are amphibious.
You can wear up to eight rings at the same time.
Your skin changes colour to match your surroundings (Stealth+).
Your rubbery body absorbs attacks. (AC +1, EV +1)
((You are camouflaged near water. (Stealth+)))
You have tentacles for arms and can constrict up to eight enemies at once.


Message History

a +0 short sword; 2 stones
Casting: Wereblood (quite dangerous; 52% risk of failure)
Confirm with . or Enter, or press ? or * to list all spells.
The spell is quite dangerous to cast (52% risk of failure)!
Continue anyway?
You miscast Wereblood.
You are very lightly contaminated with residual magic.
Nothing appears to happen.
Ijyb screams, "It's all mine!"
Throw: 5 darts (curare)
Press: ? - help, Q - select action, (/) - cycle Shift-Dir - straight line, f - Ijyb
Aim: Ijyb, wielding a +0 dagger, wearing a +0 leather armour and carrying a wand of paralysis (2) (47% to hit)
You throw a curare-tipped dart.
The curare-tipped dart barely misses Ijyb.
Throw: 4 darts (curare)
Press: ? - help, Q - select action, (/) - cycle Shift-Dir - straight line, f/p - Ijyb
Aim: Ijyb, wielding a +0 dagger, wearing a +0 leather armour and carrying a wand of paralysis (2) (45% to hit)
You throw a curare-tipped dart.
The curare-tipped dart closely misses Ijyb.
You block Ijyb's attack.
You hit Ijyb. Your grab misses Ijyb. Your squeeze misses Ijyb.
Ijyb is lightly wounded.
Ijyb closely misses you.
Your shield prevents you from hitting Ijyb.
Your grab misses Ijyb.
Ijyb is lightly wounded.
Ijyb closely misses you. Ijyb hits you with a +0 dagger.
You completely miss Ijyb. Your grab misses Ijyb. Your squeeze misses Ijyb.
Ijyb is lightly wounded.
Ijyb hits you with a +0 dagger. You block Ijyb's attack.
You barely miss Ijyb. Your grab misses Ijyb.
Ijyb is lightly wounded.
Ijyb zaps a wand.
You suddenly lose the ability to move!
Your magical contamination has completely faded away.
Ijyb hits you with a +0 dagger! Ijyb hits you with a +0 dagger.
* * * LOW HITPOINT WARNING * * *
Ijyb hits you with a +0 dagger.
* * * LOW HITPOINT WARNING * * *
Ijyb hits you with a +0 dagger.
You die...

#.###.#..
#........
#.......#
#####.###
######### #.###
#.... ..# #.##.
#.#.###.# ##.#.#
#....##.# #...##
#.@g...(######..##
#....#.........##
#.#.###.#####...##
#.........#
##...##
#.##.####.# #..#.#
#. #.# .# #..##.
#. #.. .# #..###
#. ##. .# #.....
.# ##...##


You could see Ijyb.

Vanquished Creatures
  3 adders
  A worm (D:3)
  A dart slug (D:1)
  6 orcs (D:3)
  2 ball pythons
  7 bats
  4 endoplasms
  2 giant cockroaches (D:1)
  2 goblins
  4 hobgoblins
  2 jackals (D:1)
  2 quokkas
  3 frilled lizards (D:1)
  7 kobolds
  2 rats
48 creatures vanquished.

Notes
Turn   | Place    | Note
-------+----------+-------------------------------------------
     0 | D:1      | croobank the Octopode Transmuter began the quest for the
                  | Orb.
     0 | D:1      | Reached XP level 1. HP: 13/13 MP: 3/3
   320 | D:1      | Identified a scroll of acquirement
   320 | D:1      | Acquired a +0 kite shield of reflection
   351 | D:1      | Reached XP level 2. HP: 13/18 MP: 5/5
   816 | D:1      | Found a faded altar of an unknown god.
   848 | D:1      | Reached skill level 1 in Stealth
  1080 | D:1      | Reached XP level 3. HP: 23/23 MP: 6/6
  1184 | D:1      | Learned a level 2 spell: Wereblood
  2676 | D:3      | Reached XP level 4. HP: 28/28 MP: 7/7
  3571 | D:3      | Noticed Ijyb
  3572 | D:3      | Paralysed by Ijyb for 2 turns
  3580 | D:3      | Paralysed by Ijyb for 6 turns
  3584 | D:3      | Slain by Ijyb

Illustrated notes

Levels and vault maps discovered:
D:1:      psy_arrival_radial01, layout_loops_ring, basic_ecumenical_altar
D:2:      layout_basic
D:3:      layout_loops_corners, uniq_ijyb

Skill      XL: |  1  2  3  4 |
---------------+-------------+-----
Stealth        | 1 2 |  2.4
Fighting       | |  1.1
Short Blades   | |  0.3
Polearms       | |  0.4
Dodging        | |  2.5
Shields        | |  0.9
Unarmed Combat | |  3.5
Spellcasting   | |  2.1
Transmutations | |  2.7

Action                   |  1- 3 |  4- 6 || total
-------------------------+-------+-------++-------
Melee: Dagger            |    80 |       ||    80
       Unarmed           |     4 |       ||     4
       Constrict         |    21 |     7 ||    28
       Tentacles         |    17 |     5 ||    22
       Kick              |     4 |       ||     4
       Punch             |     1 |       ||     1
       Trident           |       |    33 ||    33
Throw: Dart              |       |     2 ||     2
 Cast: Beastly Appendage |     4 |       ||     4
  Use: Scroll            |     8 |       ||     8
 Stab: Sleeping          |    12 |     3 ||    15
Armor: Skin              |    12 |     1 ||    13
Dodge: Dodged            |    36 |    12 ||    48
Block: Kite shield       |    29 |    12 ||    41

Table legend: (Time is in decaauts)
 A = Elapsed time spent in this place.
 B = Non-inter-level travel time spent in this place.
 C = Inter-level travel time spent in this place.
 D = Time resting spent in this place.
 E = Time spent auto-exploring this place.
 F = Levels seen in this place.
 G = Mean time per level.
                   A        B        C        D        E       F      G
               +--------+--------+--------+--------+--------+-----+--------+
         Total |   3624 |   3578 |     46 |    771 |   2313 |   3 | 1208.0 |
       Dungeon |   3624 |   3578 |     46 |    771 |   2313 |   3 | 1208.0 |
               +--------+--------+--------+--------+--------+-----+--------+

Top non-repeatable levels by time:
     D:1: 1498 daAuts
     D:2: 1167 daAuts
     D:3: 957 daAuts
